 Dungeon Crawl Stone Soup version 0.31.0-12-g77e489cdc1 (webtiles) character file.

Game seed: 37776280689347750

23 ChadusMaximus the Caller (level 3, -1/24 HPs)
             Began as a Barachi Summoner on Mar 3, 2024.
             Slain by a gnoll
             ... wielding a +0 flail
              (9 damage)
             ... on level 2 of the Dungeon.
             The game lasted 00:01:45 (1077 turns).

ChadusMaximus the Caller (Barachi Summoner)         Turns: 1077, Time: 00:01:46

Health: -1/24      AC:  2    Str:  9    XL:     3   Next: 0%
Magic:  1/6        EV: 12    Int: 17    God:
Gold:   92         SH:  0    Dex: 12    Spells: 6/7 levels left

rFire   . . .        e - +0 sling
rCold   . . .        (no shield)
rNeg    . . .        a - +0 robe
rPois   .            (no helmet)
rElec   .            (no cloak)
rCorr   .            (no gloves)
SInv    .            (no boots)
Will    .....        (no amulet)
Stlth   ++           (no ring)
HPRegen 0.24/turn    (no ring)
MPRegen 0.10/turn

%: no passive effects
@: unable to hop, slow
A: amphibious, slowness 1, strong legs 1, +LOS
a: Hop


You were on level 2 of the Dungeon.
You visited 1 branch of the dungeon, and saw 2 of its levels.

You collected 92 gold pieces.

Inventory:

Hand Weapons
 e - a +0 sling (weapon)
Armour
 a - a +0 robe (worn)
Jewellery
 f - a +6 ring of intelligence
 h - a ring of fire
Scrolls
 d - a scroll of fog {unknown}
 g - a scroll of enchant armour {unknown}
Potions
 b - a potion of magic
 c - a potion of curing {unknown}
 i - a potion of berserk rage {unknown}


   Skills:
 * Level 2.8 Dodging
 - Level 2.0 Stealth
 + Level 2.5 Spellcasting
 + Level 5.1 Summonings


You had 6 spell levels left.
You knew the following spells:

 Your Spells              Type           Power      Damage    Failure   Level
a - Summon Small Mammal   Summ           76%        N/A       2%          1

Your spell library contained the following spells:

 Spells                   Type           Power      Damage    Failure   Level
 Call Imp                 Summ           38%        N/A       3%          2
 Call Canine Familiar     Summ           19%        N/A       7%          3
 Summon Blazeheart Golem  Fire/Summ      10%        N/A       54%         4
 Summon Lightning Spire   Summ/Air       10%        N/A       54%         4


Dungeon Overview and Level Annotations

Branches:
Dungeon (2/15)

Altars:

Annotations:
D:2 Jessica


Innate Abilities, Weirdness & Mutations

You are amphibious.
You cover ground slowly.
You can hop short distances.
You have an extended range of vision and can be seen from far away.


Message History

Jessica mumbles something strange.
The hobgoblin misses your quokka.
Jessica casts a spell.
Jessica blinks!
The hobgoblin barely misses your quokka.
The hobgoblin hits your quokka.
Jessica shouts, "Stop bothering me, or I'll kill you!"
The hobgoblin hits your quokka.
Your quokka dies!
Your quokka's corpse disappears in a puff of smoke!
Casting: Summon Small Mammal (safe; 2% risk of failure)
Confirm with . or Enter, or press ? or * to list all spells.
The hobgoblin hits you but does no damage.
The hobgoblin barely misses your bat.
Your rat closely misses the hobgoblin.
Your rat bites the kobold.
The hobgoblin closely misses your bat.
Your rat closely misses the kobold.
Your rat misses the kobold.
Your rat barely misses the kobold.
The hobgoblin hits your bat.
Your bat dies!
Your bat's corpse disappears in a puff of smoke!
Your rat misses the kobold.
The hobgoblin attacks as it pursues you!
The hobgoblin hits you.
Casting: Summon Small Mammal (safe; 2% risk of failure)
Confirm with . or Enter, or press ? or * to list all spells.
The hobgoblin hits you.
Your rat bites the hobgoblin.
Your rat disappears in a puff of smoke!
Your rat barely misses the hobgoblin.
Jessica casts a spell.
Jessica blinks!
Your rat barely misses the hobgoblin.
The hobgoblin closely misses you.
Casting: Summon Small Mammal (safe; 2% risk of failure)
Confirm with . or Enter, or press ? or * to list all spells.
Your rat barely misses the hobgoblin.
The hobgoblin completely misses you.
Your rat misses the hobgoblin. The gnoll attacks as it pursues you!
The gnoll hits you with a +0 flail!
Jessica mumbles some strange words.
Jessica blinks!
The gnoll hits you with a +0 flail!
You die...

######..#
#..####
#.....####
#.........
#.###.####
#.# .# #:#
#.##
#.##...##
##@#....[#
#gg.@.#
#!r#.##
#r..##
#.K#.#
#..##.#
##.# #?#
#.# ##
##### #.#


You could see a gnoll, Jessica, a hobgoblin (ally target), a kobold, a friendly
quokka (summoned) and a friendly rat (summoned).

Vanquished Creatures
  An endoplasm (D:1)
  2 goblins (D:1)
  2 hobgoblins (D:1)
  A jackal (D:1)
  2 kobolds (D:1)
  2 quokkas (D:1)
  A ball python (D:1)
  A bat (D:1)
  A frilled lizard (D:1)
  A rat (D:1)
14 creatures vanquished.

Vanquished Creatures (collateral kills)
  A ball python (D:2)
  An endoplasm (D:2)
  A giant cockroach (D:2)
  A goblin (D:1)
  A quokka (D:2)
  A frilled lizard (D:2)
6 creatures vanquished.

Grand Total: 20 creatures vanquished

Notes
Turn   | Place    | Note
-------+----------+-------------------------------------------
     0 | D:1      | ChadusMaximus the Barachi Summoner began the quest for the
                  | Orb.
     0 | D:1      | Reached XP level 1. HP: 13/13 MP: 3/3
   189 | D:1      | Reached XP level 2. HP: 10/19 MP: 1/5
   275 | D:1      | Reached skill level 5 in Summonings
  1008 | D:2      | Noticed Jessica
  1052 | D:2      | Reached XP level 3. HP: 13/24 MP: 1/6
  1077 | D:2      | Slain by a gnoll

Illustrated notes

Levels and vault maps discovered:
D:1:      minmay_arrival_hallway, layout_basic, st_stairs_11
D:2:      layout_loops_ring, minmay_box_of_dots, uniq_jessica

Skill      XL: |  1  2 |
---------------+-------+-----
Stealth        | 2 |  2.0
Summonings     | 5 |  5.1
Dodging        | |  2.8
Spellcasting   | |  2.5

Action                     || total
---------------------------++-------
   Fire: Sling             ||    65
   Cast: Summon Small Mamm ||    21
Ability: Hop               ||     2
 Armour: Robe              ||    38
  Dodge: Dodged            ||    46
